 Dungeon Crawl Stone Soup version 0.31-a0-986-g5e6e4ef867 (webtiles) character file.

Game seed: 11720900067532629211

135 wildpjah the Covered (level 5, -1/32 HPs)
             Began as a Tengu Fighter on Nov 20, 2023.
             Succumbed to their own poison gas
             ... on level 4 of the Dungeon.
             The game lasted 00:04:15 (2688 turns).

wildpjah the Covered (Tengu Fighter)                Turns: 2688, Time: 00:04:15

Health: -1/32      AC:  9    Str: 17    XL:     5   Next: 18%
Magic:  8/8        EV: 24    Int:  8    God:
Gold:   228        SH:  5    Dex: 15    Spells: 6/7 levels left

rFire   . . .        q - +0 falchion (freeze)
rCold   . . .        c - +0 buckler
rNeg    . . .        b - +0 scale mail
rPois   .            (helmet restricted)
rElec   .            v - +1 cloak
rCorr   .            (no gloves)
SInv    .            (boots unavailable)
Will    .....        (no amulet) Stlth
                     (no ring)
HPRegen 0.25/turn    (no ring)
MPRegen 0.11/turn

%: acrobat
@: lethally poisoned (-1 -> -33), acrobatic
A: beak, talons 3, acrobatic
a: no special abilities


You were on level 4 of the Dungeon.
You visited 1 branch of the dungeon, and saw 4 of its levels.

You collected 228 gold pieces.

Inventory:

Hand Weapons
 a - a +0 long sword
 q - a +0 falchion of freezing (weapon)
Armour
 b - a +0 scale mail (worn)
 c - a +0 buckler (worn)
 v - a +1 cloak (worn)
Jewellery
 r - an amulet of reflection
Wands
 d - a wand of acid (5)
Scrolls
 j - 2 scrolls of identify {unknown}
 l - 4 scrolls of fear {unknown}
 n - a scroll of vulnerability {unknown}
 o - 3 scrolls of teleportation {unknown}
 p - a scroll of revelation {unknown}
 s - a scroll of enchant weapon {unknown}
 u - a scroll of butterflies {unknown}
Potions
 f - a potion of curing
 i - a potion of ambrosia {unknown}
 k - a potion of heal wounds {unknown}
 m - a potion of brilliance {unknown}
 t - a potion of degeneration {unknown}


   Skills:
 + Level 3.6 Fighting
 + Level 3.2 Long Blades
 + Level 4.0 Armour
 + Level 0.1 Stealth
 + Level 3.4 Shields
 * Level 1.5 Spellcasting
 * Level 0.7 Conjurations
 * Level 1.2 Air Magic


You had 6 spell levels left.
You knew the following spells:

 Your Spells              Type           Power      Damage    Failure   Level
a - Shock                 Conj/Air       8%         1d3       71%         1

Your spell library contained the following spells:

 Spells                   Type           Power      Damage    Failure   Level
 Swiftness                Air            2%         N/A       95%         3
 Gell's Gravitas          Tloc           0%         N/A       99%         3
 Ozocubu's Armour         Ice            0%         N/A       99%         3
 Teleport Other           Tloc           0%         N/A       99%         3
 Airstrike                Air            1%         2d(1-17)  100%        4
 Dispersal                Tloc           0%         N/A       100%        6
 Ozocubu's Refrigeration  Ice            0%         4d7       100%        7


Dungeon Overview and Level Annotations

Branches:
Dungeon (4/15)
 Temple: D:4-7

Altars:

Shops:
D:2 [


Innate Abilities, Weirdness & Mutations

You have a beak for a mouth.
You have claws for feet.
You can magically evade attacks while moving or waiting.


Message History

Your +0 cloak glows green for a moment.
As you read the scroll labelled JAURYLL HOUN, it crumbles to dust.
It is a scroll of brand weapon.
Your +0 falchion is covered with a thin layer of ice!
q - a +0 falchion of freezing (weapon)
The air fills with toxic fumes!
As you read the scroll labelled ZYFUIM YLIWN, it crumbles to dust.
It was a scroll of poison.
Unknown command.
You miss the phantom. Your kick misses the phantom.
The phantom hits you but does no damage.
You hit the phantom.
The phantom is lightly damaged.
The phantom barely misses you.
You barely miss the phantom. Your peck misses the phantom.
The phantom is lightly damaged.
The phantom completely misses you.
You hit the phantom. You claw the phantom.
The phantom is moderately damaged.
The phantom hits you.
The phantom blinks!
You blink.
You hit the phantom but do no damage. Your kick misses the phantom.
The phantom is moderately damaged.
You are engulfed in poison gas.
You are poisoned.
You feel very sick. You block the phantom's attack.
The phantom hits you but does no damage.
You closely miss the phantom. Your kick misses the phantom.
The phantom is moderately damaged.
You are engulfed in poison gas.
You are lethally poisoned!
* * * LOW HITPOINT WARNING * * *
You feel extremely sick.
The phantom hits you but does no damage.
It was a potion of curing.
You feel better.
You are engulfed in poison gas.
You are poisoned.
You feel very sick.
The phantom hits you but does no damage.
You are engulfed in poison gas.
You are more poisoned.
* * * LOW HITPOINT WARNING * * *
You die...

########
#§W§○○§#
#☼§§☼§§####
#@§§☼§§○°..
#○§§☼§§§§..
#.○.○§§°°..
###☼§§§##
#<○§☼#
#☼§§○#
#○§○○#
+....#
#....#


You could see a phantom.

Vanquished Creatures
  Ijyb (D:3)
  3 adders
  3 worms
  3 orcs (D:2)
  8 endoplasms
  A giant cockroach (D:2)
  9 goblins
  4 hobgoblins
  3 jackals (D:3)
  5 quokkas
  6 ball pythons
  5 bats
  3 frilled lizards
  8 kobolds
  4 rats
66 creatures vanquished.

Notes
Turn   | Place    | Note
-------+----------+-------------------------------------------
     0 | D:1      | wildpjah the Tengu Fighter began the quest for the Orb.
     0 | D:1      | Reached XP level 1. HP: 14/14 MP: 2/2
   184 | D:1      | Reached XP level 2. HP: 19/19 MP: 3/3
   310 | D:1      | Learned a level 1 spell: Shock
   640 | D:2      | Reached XP level 3. HP: 20/23 MP: 4/4
   739 | D:2      | Found Woroixye's Armour Shop.
  1796 | D:3      | Reached XP level 4. HP: 28/28 MP: 5/5
  1995 | D:3      | Noticed Ijyb
  2021 | D:3      | Killed Ijyb
  2022 | D:3      | Reached skill level 1 in Spellcasting
  2064 | D:3      | Reached skill level 1 in Air Magic
  2294 | D:3      | Reached XP level 5. HP: 32/32 MP: 8/8
  2430 | D:3      | Reached skill level 4 in Armour
  2677 | D:4      | Noticed a phantom
  2688 | D:4      | Succumbed to their own poison gas

Illustrated notes

Levels and vault maps discovered:
D:1:      ldierk_walled_garden, layout_basic, chequers_avenue, minivault_19
D:2:      mumra_celtic_spiral_tile, layout_basic, serial_shops, shop,
          serial_forest, infiniplex_forest_corner_1,
          infiniplex_forest_end_double, infiniplex_forest_end_2,
          infiniplex_forest_straight_3, infiniplex_forest_straight_2,
          infiniplex_forest_pool
D:3:      kennysheep_goblin_castle, layout_rooms, minmay_quantized
D:4:      layout_gridville, enter_ossuary_1

Skill      XL: |  1  2  3  4  5 |
---------------+----------------+-----
Long Blades    | 3 |  3.2
Spellcasting   | 1 |  1.5
Air Magic      | 1 |  1.2
Armour         | 4 |  4.0
Fighting       | |  3.6
Stealth        | |  0.1
Shields        | |  3.4
Conjurations   | |  0.7

Action                     |  1- 3 |  4- 6 || total
---------------------------+-------+-------++-------
  Melee: Long sword        |    59 |       ||    59
         Kick              |    15 |    11 ||    26
         Peck              |     7 |    10 ||    17
         Falchion          |    10 |    70 ||    80
   Cast: Shock             |       |     2 ||     2
    Use: Potion            |       |     2 ||     2
         Scroll            |       |     3 ||     3
 Armour: Scale mail        |    36 |    32 ||    68
  Dodge: Dodged            |    27 |    62 ||    89
  Block: Buckler           |    12 |    22 ||    34

Table legend: (Time is in decaauts)
 A = Elapsed time spent in this place.
 B = Non-inter-level travel time spent in this place.
 C = Inter-level travel time spent in this place.
 D = Time resting spent in this place.
 E = Time spent auto-exploring this place.
 F = Levels seen in this place.
 G = Mean time per level.
                   A        B        C        D        E       F      G
               +--------+--------+--------+--------+--------+-----+--------+
         Total |   2722 |   2638 |     84 |     81 |   2113 |   4 |  680.5 |
       Dungeon |   2722 |   2638 |     84 |     81 |   2113 |   4 |  680.5 |
               +--------+--------+--------+--------+--------+-----+--------+

Top non-repeatable levels by time:
     D:2: 1151 daAuts
     D:3: 924 daAuts
     D:1: 635 daAuts
     D:4: 11 daAuts
